 Dungeon Crawl Stone Soup version 0.30-a0-1016-gfb0d676c02 (webtiles) character file.

Game seed: 6854762648062502660

114 DeathPants the Grave Robber (level 4, 0/33 HPs)
             Began as a Demonspawn Necromancer on Apr 6, 2023.
             Slain by Natasha (5 damage)
             ... on level 3 of the Dungeon.
             The game lasted 00:08:00 (2021 turns).

DeathPants the Grave Robber (DsNe)                  Turns: 2021, Time: 00:08:00

Health: 0/33       AC:  4    Str: 10    XL:     4   Next: 67%
Magic:  8/8        EV: 12    Int: 17    God:
Gold:   155        SH:  0    Dex: 13    Spells: 7/8 levels left

rFire   + . .      SeeInvis .    c - +0 short sword
rCold   . . .      Faith    .    (no shield)
rNeg    . . .      Spirit   .    n - +0 leather armour
rPois   .          Reflect  .    (no helmet)
rElec   .          Rampage  .    (no cloak)
rCorr   .                        q - +0 pair of gloves
Will    .....                    (no boots)
Stlth   ++                       (no amulet)
HPRegen 0.25/turn                a - ring of protection from fire
MPRegen 0.11/turn                (no ring)

@: slowed, very slow
A: claws 1, powered by pain 2
a: no special abilities


You were on level 3 of the Dungeon.
You visited 1 branch of the dungeon, and saw 4 of its levels.

You collected 155 gold pieces.

Inventory:

Hand Weapons
 c - a +0 short sword (weapon)
Armour
 n - a +0 leather armour (worn)
 q - a +0 pair of gloves (worn)
Jewellery
 a - a ring of protection from fire (left hand)
Scrolls
 d - 2 scrolls of poison {unknown}
 e - a scroll of immolation {unknown}
 f - a scroll of enchant weapon {unknown}
 i - a scroll of identify {unknown}
 j - a scroll of magic mapping {unknown}
 k - a scroll of brand weapon {unknown}
 l - a scroll of teleportation {unknown}
 m - a scroll of blinking {unknown}
Potions
 b - 2 potions of magic
 g - a potion of lignification
 h - a potion of brilliance {unknown}
 o - 4 potions of curing
 p - a potion of mutation {unknown}


   Skills:
 + Level 2.0 Fighting
 + Level 2.6 Dodging
 - Level 1.7 Stealth
 + Level 2.8 Spellcasting
 + Level 5.0 Necromancy


You had 7 spell levels left.
You knew the following spells:

 Your Spells              Type           Power      Damage    Failure   Level
a - Necrotise             Necr           76%        1d7       3%          1

Your spell library contained the following spells:

 Spells                   Type           Power      Damage    Failure   Level
 Vampiric Draining        Necr           19%        2d7       9%          3
 Animate Dead             Necr           19%        N/A       30%         4
 Summon Guardian Golem    Hex/Summ       2%         N/A       58%         3
 Agony                    Necr           19%        N/A       63%         5
 Borgnjor's Vile Clutch   Necr/Erth      5%         N/A       93%         5
 Death Channel            Necr           9%         N/A       99%         6
 Orb of Destruction       Conj           1%         9d5       100%        7
 Spellforged Servitor     Conj/Summ      1%         N/A       100%        7


Dungeon Overview and Level Annotations

Branches:
Dungeon (4/15)
 Temple: D:4-7

Altars:

Annotations:
D:3 Natasha


Innate Abilities, Weirdness & Mutations

You have sharp fingernails.
You sometimes gain power by taking damage.


Message History

You hit the bat.
The bat is severely wounded.
The bat hits you. The bat barely misses you.
Natasha drinks a potion.
Natasha flickers and vanishes!
Deactivating autopickup; reactivate with Ctrl-A.
You barely miss the bat.
The bat is severely wounded.
The bat hits you but does no damage. The bat barely misses you.
You barely miss the bat.
The bat is severely wounded.
The bat misses you.
The crimson imp blinks!
You barely miss the bat.
The bat is severely wounded.
The bat hits you but does no damage. The bat misses you.
You completely miss the bat.
The bat is severely wounded.
The bat barely misses you. The bat closely misses you.
You hit the bat.
You kill the bat!
Something claws you. Something claws you. Something claws you.
Found a scale mail.
You closely miss something. Something claws you.
You closely miss something. Something claws you.
You closely miss something. Something claws you but does no damage.
You closely miss something. Something claws you!
You miss something.
You hear some strange, mumbled words.
You feel yourself slow down.
You hit something. Something claws you.
You closely miss something. Something claws you.
Something claws you but does no damage.
The crimson imp blinks!
You hit the crimson imp.
The crimson imp is lightly wounded.
Something claws you.
* * * LOW HITPOINT WARNING * * *
The crimson imp hits you.
* * * LOW HITPOINT WARNING * * *
You barely miss something. Something claws you.
You die...

..
.....$...#....#...#..##
.#
r.......##............##
####
#............#..###..#
#..
####...........####..
#.#
#....#...........###.
#.#
#.##)...#..#.###...##
..## #
#.##....#.#####.## ...##
#{###.......# #... ....#
#@# #.......# #### ....#
#5# #.))....# ....# ..#
#.......... ....# [.##
#........... ....# .##
#...........# ....# ..
#.........<.# ...## ..
#...........# ..## ..
#.......... ###
#..........


You could see a crimson imp (summoned).

Vanquished Creatures
  Natasha (D:3)
  4 adders (D:2)
  2 dart slugs
  2 worms (D:2)
  4 endoplasms
  7 giant cockroaches
  3 goblins
  A hobgoblin (D:2)
  2 jackals (D:2)
  A quokka (D:3)
  3 ball pythons (D:1)
  2 bats
  3 frilled lizards
  8 kobolds
  2 rats
45 creatures vanquished.

Notes
Turn   | Place    | Note
-------+----------+-------------------------------------------
     0 | D:1      | DeathPants the Demonspawn Necromancer began the quest for
                  | the Orb.
     0 | D:1      | Reached XP level 1. HP: 13/13 MP: 3/3
   285 | D:1      | Gained mutation: You sometimes gain a little power by
                  | taking damage. [demonic ancestry]
   285 | D:1      | Reached XP level 2. HP: 20/20 MP: 1/5
   326 | D:1      | Found a faded altar of an unknown god.
   538 | D:1      | Reached skill level 1 in Fighting
   669 | D:2      | Gained mutation: You have sharp fingernails. [demonic
                  | ancestry]
   669 | D:2      | Reached XP level 3. HP: 26/26 MP: 6/6
  1291 | D:2      | Gained mutation: You sometimes gain power by taking damage.
                  | [demonic ancestry]
  1291 | D:2      | Reached XP level 4. HP: 32/32 MP: 1/7
  1814 | D:4      | Noticed a scorpion
  1865 | D:3      | Noticed Natasha
  1885 | D:3      | Killed Natasha
  1886 | D:3      | Reached skill level 5 in Necromancy
  2000 | D:3      | Noticed Natasha
  2021 | D:3      | Slain by Natasha

Illustrated notes

Levels and vault maps discovered:
D:1:      nagdon_arrival_double_spiral, layout_loops_ring,
          basic_ecumenical_altar
D:2:      layout_basic, nicolae_wormholes
D:3:      layout_rooms, uniq_natasha
D:4:      layout_loops_ring, minmay_quantized, uniq_duvessa, uniq_pikel,
          uniq_crazy_yiuf_cottage

Skill      XL: |  1  2  3  4 |
---------------+-------------+-----
Dodging        | 2 |  2.6
Fighting       | 1 2 |  2.0
Necromancy     | 5 |  5.0
Stealth        | |  1.7
Spellcasting   | |  2.8

Action                     |  1- 3 |  4- 6 || total
---------------------------+-------+-------++-------
  Melee: Short sword       |    98 |    69 ||   167
         Punch             |     1 |     1 ||     2
   Cast: Necrotise         |    33 |    13 ||    46
    Use: Potion            |     1 |       ||     1
   Stab: Sleeping          |     1 |       ||     1
 Armour: Robe              |    17 |       ||    17
         Leather armour    |     5 |    20 ||    25
         Skin              |     5 |       ||     5
  Dodge: Dodged            |    66 |    49 ||   115

Table legend: (Time is in decaauts)
 A = Elapsed time spent in this place.
 B = Non-inter-level travel time spent in this place.
 C = Inter-level travel time spent in this place.
 D = Time resting spent in this place.
 E = Time spent auto-exploring this place.
 F = Levels seen in this place.
 G = Mean time per level.
                   A        B        C        D        E       F      G
               +--------+--------+--------+--------+--------+-----+--------+
         Total |   2064 |   2013 |     51 |     14 |   1411 |   4 |  516.0 |
       Dungeon |   2064 |   2013 |     51 |     14 |   1411 |   4 |  516.0 |
               +--------+--------+--------+--------+--------+-----+--------+

Top non-repeatable levels by time:
     D:1: 962 daAuts
     D:2: 708 daAuts
     D:3: 378 daAuts
     D:4: 13 daAuts
